 Dungeon Crawl Stone Soup version 0.29.1-12-g30fa7ad0bf (webtiles) character file.

Game seed: 15973471888896131011

30132 cheesebisquit the Grappler (level 13, -2/127 HPs)
             Began as a Troll Fighter on Jan 18, 2023.
             Was a High Priest of Okawaru.
             Slain by a swamp worm (15 damage)
             ... on level 3 of the Lair of Beasts.
             The game lasted 01:32:08 (16563 turns).

cheesebisquit the Grappler (Troll Fighter)         Turns: 16563, Time: 01:32:08

Health: -2/127     AC:  7    Str: 40    XL:     13   Next: 18%
Magic:  11/12      EV: 14    Int:  4    God:    Okawaru [*****.]
Gold:   197        SH: 13    Dex: 15    Spells: 12/12 levels left

rFire   + . .      SeeInvis .     - Unarmed
rCold   . . .      Faith    .   b - +1 kite shield
rNeg    . . .      Spirit   .   o - +1 robe "Ucsil" {rF+ Str+3}
rPois   .          Reflect  .   (helmet restricted)
rElec   +          Harm     .   G - +0 cloak {Will+}
rCorr   +          Rampage  .   (gloves unavailable)
Will    +....                   (boots unavailable)
Stlth   ++........              (no amulet)
HPRegen 1.11/turn               D - ring of Wiffowno {+Blink rElec rCorr Dex+6 Stlth-}
MPRegen 0.13/turn               E - +6 ring of strength

@: about to teleport, heroic, hasted, very quick
A: large, unfitting armour, claws 3, regeneration 1, shaggy fur 1, tough skin 1
a: Renounce Religion, Evoke Blink, Heroism, Finesse, Duel


You were on level 3 of the Lair of Beasts.
You worshipped Okawaru.
Okawaru was extremely pleased with you.
You visited 3 branches of the dungeon, and saw 16 of its levels.
You also visited: Ossuary and Bailey.

You collected 1876 gold pieces.
You spent 1679 gold pieces at shops.

Inventory:

Missiles
 e - 6 atropa-tipped darts
 p - 6 boomerangs
 C - 51 stones
 H - 7 poisoned darts
 I - 8 large rocks (quivered)
 J - 6 curare-tipped darts
 V - 6 javelins
Armour
 b - a +1 kite shield (worn)
 o - the +1 robe "Ucsil" (worn) {rF+ Str+3}
   (You found it on level 2 of the Dungeon)

   Str:       It affects your strength (+3).
   rF:        It protects you from fire.
 t - a +0 robe of cold resistance
 G - a +0 cloak of willpower (worn)
 K - a +2 cloak
 Q - a scarf of resistance
Jewellery
 c - a ring of resist corrosion
 j - a ring of magical power
 y - a +4 ring of slaying
 D - the ring of Wiffowno (left claw) {+Blink rElec rCorr Dex+6 Stlth-}
   (You found it on level 9 of the Dungeon)

   [ring of dexterity]

   Dex:       It affects your dexterity (+6).
   rElec:     It insulates you from electricity.
   +Blink:    It lets you blink.
   rCorr:     It protects you from acid and corrosion.
   Stlth:     It makes you less stealthy.
 E - a +6 ring of strength (right claw)
 S - a ring of see invisible
 T - a ring of ice
 W - a ring of willpower
Wands
 h - a wand of light (19)
 r - a wand of mindburst (12)
 z - a wand of iceblast (5)
 B - a wand of paralysis (8)
 M - a wand of flame (33)
 O - a wand of polymorph (30)
 U - a wand of digging (6)
Scrolls
 g - 2 scrolls of poison
 i - 3 scrolls of fear
 m - a scroll of vulnerability
 n - a scroll of blinking
 u - 8 scrolls of teleportation
 v - 2 scrolls of brand weapon
 x - a scroll of amnesia
 A - a scroll of torment
 P - a scroll of identify
 R - a scroll of enchant armour
Potions
 a - 5 potions of lignification
 d - 2 potions of curing
 f - 6 potions of mutation
 k - 2 potions of attraction
 l - a potion of magic
 q - 9 potions of flight
 s - a potion of brilliance
 F - a potion of might
 L - 2 potions of ambrosia
 N - 2 potions of cancellation


   Skills:
 + Level 8.0(13.0) Fighting
 + Level 11.4(16.4) Throwing
 + Level 5.1(10.1) Armour
 + Level 5.8(10.8) Dodging
 + Level 8.8(13.8) Shields
 + Level 11.4(16.4) Unarmed Combat


You had 12 spell levels left.
You didn't know any spells.
Your spell library contained the following spells:

 Spells                   Type           Power      Damage    Failure   Level
 Freeze                   Ice            0%         1d3       67%         1
 Necrotise                Necr           0%         1d4       67%         1
 Frozen Ramparts          Ice            0%         1d1       95%         3
 Portal Projectile        Hex/Tloc       0%         N/A       95%         3
 Vampiric Draining        Necr           0%         2d6       95%         3
 Hailstorm                Conj/Ice       0%         3d3       100%        4
 Leda's Liquefaction      Hex/Erth       0%         N/A       100%        4
 Petrify                  Tmut/Erth      0%         N/A       100%        4
 Agony                    Necr           0%         N/A       100%        5
 Borgnjor's Vile Clutch   Necr/Erth      0%         N/A       100%        5
 Metabolic Englaciation   Hex/Ice        0%         N/A       100%        5
 Statue Form              Tmut/Erth      0%         N/A       100%        6
 Summon Small Mammal      Summ           Unusable   N/A       N/A         1
 Call Canine Familiar     Summ           Unusable   N/A       N/A         3
 Summon Guardian Golem    Hex/Summ       Unusable   N/A       N/A         3
 Animate Dead             Necr           Unusable   N/A       N/A         4
 Death Channel            Necr           Unusable   N/A       N/A         6

Dungeon Overview and Level Annotations

Branches:
Dungeon (12/15)            Temple (1/1) D:5            Lair (3/5) D:8
    Orc (0/2) D:12        Ossuary (visited)          Bailey (visited)
  Swamp: Lair:2-3    Shoals: Lair:2-3     Snake: Lair:2-3    Spider: Lair:2-3

Altars:
Ashenzari
Cheibriados
Dithmenos
Elyvilon
Fedhas
Gozag
Hepliaklqana
Kikubaaqudgha
Makhleb
Nemelex Xobeh
Okawaru
Qazlal
Ru
Sif Muna
Trog
Uskayaw
Vehumet
Wu Jian
Xom
Yredelemnul
Zin
The Shining One

Shops:
D:1 *!(   D:5 *   D:6 ?   D:12 !


Innate Abilities, Weirdness & Mutations

You are too large for most types of armour.
You have claws for hands.
Your natural rate of healing is unusually fast.
You are covered in fur. (AC +1)
You have tough skin. (AC +1)


Message History

The swamp worm is heavily wounded.
The swamp worm bites you!
A swamp worm comes into view.
You fail to use your ability.
The swamp worm closely misses you.
You gain the combat prowess of a mighty hero.
The swamp worm bites you!!
The swamp worm fires a harpoon shot at you.
The harpoon shot misses you.
You claw the swamp worm!
The swamp worm is severely wounded.
The swamp worm bites you!
The blink frog blinks!
The swamp worm fires a harpoon shot at you.
The harpoon shot misses you.
You barely miss the swamp worm.
The swamp worm is severely wounded.
You block the swamp worm's attack. The tyrant leech bites you!!
The tyrant leech draws strength from your injuries!
You miss the blink frog.
The blink frog is almost dead.
You block the blink frog's attack. The swamp worm bites you!
* * * LOW HITPOINT WARNING * * *
You block the tyrant leech's attack.
You eviscerate the blink frog!!!
You kill the blink frog!
Okawaru accepts your kill.
The swamp worm bites you but does no damage.
You closely miss the swamp worm.
The swamp worm is severely wounded.
The tyrant leech bites you.
* * * LOW HITPOINT WARNING * * *
The tyrant leech draws strength from your injuries!
The swamp worm bites you.
* * * LOW HITPOINT WARNING * * *
Okay, then.
As you read the scroll of teleportation, it crumbles to dust.
You feel strangely unstable. The swamp worm bites you!!
* * * LOW HITPOINT WARNING * * *
The tyrant leech closely misses you.
You feel yourself speed up. The swamp worm bites you!
You die...

... #....~~≈≈≈≈≈~~...
... ....#.~~~~~~~...#
....###.. ##..~..~....#
......#.#####....#..##.
.....#..#.#.#...#####
.................#.#
....................
...(...<....(.......
...........(@w......
............ww......
....................
......#(.P#P.....PP.
.....###.♣♣♣♣♣......
...$. #.♣♣ ♣..#..
^....... ..# . ## ..#


You could see a tyrant leech and 2 swamp worms.

Vanquished Creatures
  Azrael (D:12)
  A boulder beetle (Lair:1)
  Erica (Lair:1)
  4 two-headed ogres
  Urug (Lair:2)
  Lodul (D:11)
  Nergalle (Lair:2)
  A deep elf pyromancer (D:12)
  3 manticores
  A cyclops (D:12)
  4 elephants (Lair:1)
  Maurice (D:9)
  3 black mambas
  4 cane toads
  2 rime drakes (Lair:1)
  5 komodo dragons
  A polar bear (Lair:1)
  2 trolls
  2 hornets
  8 blink frogs
  2 vampires
  4 wyverns
  A shadow (D:11)
  2 fire elementals (D:12)
  26 yaks
  2 steam dragons
  2 basilisks (Lair:2)
  Edmund (D:6)
  An acid dragon (D:12)
  12 water moccasins
  3 hell hounds (D:12)
  6 orc warriors
  3 ice beasts
  3 sky beasts
  2 black bears
  10 ogres
  3 wolves (Bailey)
  9 centaurs
  A phantom (D:4)
  An elf zombie (Ossuary)
  2 kobold brigands (D:6)
  11 bullfrogs
  9 gnoll sergeants (Bailey)
  2 necrophages
  2 scorpions
  8 wights
  7 killer bees
  4 howler monkeys
  A human zombie (Ossuary)
  6 orc priests
  4 hounds
  3 jellies
  7 gnoll boudas
  Jessica (D:2)
  Crazy Yiuf (D:6)
  8 iguanas
  6 orc wizards
  2 mummies (Ossuary)
  23 gnolls
  10 adders
  A shadow imp (D:7)
  2 white imps
  An adder zombie (Ossuary)
  A worm (D:2)
  A dart slug (D:2)
  32 orcs
  5 bats
  3 endoplasms
  4 giant cockroaches
  13 goblins
  7 hobgoblins
  14 jackals
  4 quokkas
  8 ball pythons
  5 frilled lizards
  A goblin zombie (Ossuary)
  10 hobgoblin zombies (Ossuary)
  3 jackal zombies (Ossuary)
  22 kobolds
  13 kobold zombies (Ossuary)
  5 orc zombies (Ossuary)
  3 rats
  2 rat zombies (Ossuary)
418 creatures vanquished.

Vanquished Creatures (others)
  13 fungi
  24 plants
37 creatures vanquished.

Grand Total: 455 creatures vanquished

Notes
Turn   | Place    | Note
-------+----------+-------------------------------------------
     0 | D:1      | cheesebisquit the Troll Fighter began the quest for the
                  | Orb.
     0 | D:1      | Reached XP level 1. HP: 22/22 MP: 0/0
   249 | D:1      | Reached XP level 2. HP: 29/29 MP: 1/1
   253 | D:1      | Reached skill level 1 in Throwing
   308 | D:1      | Found Ankerroo's General Store.
   319 | D:1      | Bought a scroll of identify for 22 gold pieces
   461 | D:1      | Found Umojaff's Antique Weapon Shop.
   471 | D:1      | Found Imomunk's Distillery.
   506 | D:1      | Reached XP level 3. HP: 36/36 MP: 2/2
   546 | D:1      | Found a faded altar of an unknown god.
   595 | D:1      | Found Foove's Distillery.
  1133 | D:2      | Identified the +1 robe "Ucsil" {rF+ Str+3}
  1250 | D:2      | Noticed Jessica
  1381 | D:2      | You fall into a shaft and drop 2 floors!
  1502 | D:2      | Killed Jessica
  1503 | D:2      | Reached XP level 4. HP: 44/44 MP: 3/3
  1958 | D:2      | Reached XP level 5. HP: 38/50 MP: 4/4
  2639 | D:1      | Bought a potion of heal wounds for 70 gold pieces
  2639 | D:1      | Bought a potion of curing for 42 gold pieces
  2787 | D:4      | Reached XP level 6. HP: 59/59 MP: 5/5
  3130 | D:4      | Reached skill level 5 in Throwing
  3133 | D:4      | Reached XP level 7. HP: 66/66 MP: 6/6
  3631 | D:1      | Bought a potion of ambrosia for 80 gold pieces
  3631 | D:1      | Bought a potion of curing for 30 gold pieces
  3733 | D:5      | Entered Level 5 of the Dungeon
  3768 | D:5      | Reached skill level 5 in Unarmed Combat
  3805 | D:5      | Found a shadowy altar of Dithmenos.
  3904 | D:5      | Found a staircase to the Ecumenical Temple.
  3906 | D:5      | Found Lacitt's Overcharged Wands.
  4631 | D:6      | Noticed a steam dragon
  4631 | D:6      | Found Qakhlyosk's Magic Scroll Shoppe.
  4737 | Temple   | Entered the Ecumenical Temple
  4921 | D:6      | Killed a steam dragon
  4922 | D:6      | Reached XP level 8. HP: 74/74 MP: 7/7
  4957 | D:6      | Bought a scroll of noise for 10 gold pieces
  4957 | D:6      | Bought a scroll of identify for 20 gold pieces
  4957 | D:6      | Bought a scroll of identify for 20 gold pieces
  5083 | D:6      | Noticed Edmund
  5272 | D:6      | Killed Edmund
  5455 | D:6      | Reached XP level 9. HP: 83/83 MP: 8/8
  5813 | D:6      | Found a runed translucent door.
  5814 | D:6      | Noticed Crazy Yiuf
  5819 | D:6      | Killed Crazy Yiuf
  6004 | D:7      | Found a broken altar of Ashenzari.
  6765 | D:1      | Bought a scroll of magic mapping for 82 gold pieces
  6828 | D:6      | Bought a scroll of blinking for 75 gold pieces
  6931 | D:8      | Found a sand-covered staircase.
  6935 | Ossuary  | Entered an ossuary
  7248 | D:8      | Noticed a two-headed ogre
  7252 | D:8      | Killed a two-headed ogre
  7253 | D:8      | Reached skill level 5 in Shields
  7259 | D:8      | Reached XP level 10. HP: 89/94 MP: 9/9
  7521 | D:8      | Found a staircase to the Lair.
  7528 | D:8      | Reached skill level 5 in Fighting
  7553 | D:8      | Found an ornate altar of the Wu Jian Council.
  7553 | D:8      | Found a sacrificial altar of Ru.
  7554 | D:8      | Found a bloodstained altar of Trog.
  7566 | D:8      | Found a stormy altar of Qazlal.
  7813 | D:8      | Found a shimmering altar of Xom.
  7828 | D:8      | Found a shimmering blue altar of Sif Muna.
  7828 | D:8      | Found a glowing golden altar of the Shining One.
  7831 | D:8      | Found a broken altar of Ashenzari.
  7831 | D:8      | Found a shimmering altar of Xom.
  7831 | D:8      | Found a sparkling altar of Nemelex Xobeh.
  8215 | D:1      | Bought a potion of lignification for 30 gold pieces
  8215 | D:1      | Bought a potion of curing for 30 gold pieces
  8945 | D:9      | Found a radiant altar of Vehumet.
  8972 | D:9      | Found an iron altar of Okawaru.
  9064 | D:9      | Became a worshipper of Warmaster Okawaru
  9200 | D:9      | Identified the ring of Wiffowno {+Blink rElec rCorr Dex+6
                  | Stlth-}
  9366 | D:9      | Noticed Maurice
  9384 | D:9      | Paralysed by something for 4 turns
  9390 | D:9      | Killed Maurice
  9390 | D:9      | Reached * piety under Okawaru
  9461 | D:9      | Identified the +0 pair of boots of Plasticity {Regen+ Int+5
                  | Slay-4 Stlth+}
  9583 | D:9      | Noticed a two-headed ogre
  9592 | D:9      | Killed a two-headed ogre
  9919 | D:1      | Bought 2 potions of cancellation for 160 gold pieces
 10074 | D:10     | Entered Level 10 of the Dungeon
 10107 | D:10     | Noticed a two-headed ogre
 10114 | D:10     | Killed a two-headed ogre
 10114 | D:10     | Reached ** piety under Okawaru
 10115 | D:10     | Reached XP level 11. HP: 81/105 MP: 7/10
 10115 | D:10     | Found a flagged portal.
 10130 | Bailey   | Entered a bailey
 10396 | Bailey   | Reached skill level 10 in Throwing
 10418 | Bailey   | Reached skill level 1 in Armour
 11804 | D:11     | Reached *** piety under Okawaru
 11891 | D:11     | Reached skill level 10 in Unarmed Combat
 12109 | D:11     | Noticed Lodul
 12120 | D:11     | Killed Lodul
 12936 | D:1      | Bought a potion of might for 40 gold pieces
 12936 | D:1      | Bought a potion of flight for 30 gold pieces
 12936 | D:1      | Bought a potion of ambrosia for 80 gold pieces
 12950 | D:1      | Bought a potion of flight for 42 gold pieces
 12950 | D:1      | Bought a potion of curing for 42 gold pieces
 12950 | D:1      | Bought a potion of might for 56 gold pieces
 12950 | D:1      | Bought a potion of ambrosia for 112 gold pieces
 13034 | D:5      | Bought a wand of polymorph (18) for 378 gold pieces
 13363 | D:12     | Reached **** piety under Okawaru
 13461 | D:12     | Found Ydeopp's Distillery.
 13469 | D:12     | Bought a potion of might for 48 gold pieces
 13469 | D:12     | Bought a potion of heal wounds for 60 gold pieces
 13469 | D:12     | Bought a potion of haste for 120 gold pieces
 13472 | D:12     | Noticed Azrael
 13480 | D:12     | Killed Azrael
 13480 | D:12     | Received a gift from Okawaru
 13646 | D:12     | Found a staircase to the Orcish Mines.
 13677 | D:12     | Received a gift from Okawaru
 13709 | D:12     | Reached XP level 12. HP: 115/115 MP: 11/11
 13716 | D:12     | Noticed a two-headed ogre
 13718 | D:12     | Killed a two-headed ogre
 14192 | Lair:1   | Entered Level 1 of the Lair of Beasts
 14247 | Lair:1   | Noticed a boulder beetle
 14260 | Lair:1   | Killed a boulder beetle
 14260 | Lair:1   | Received a gift from Okawaru
 14565 | Lair:1   | Noticed Erica
 14572 | Lair:1   | Killed Erica
 14773 | Lair:1   | Received a gift from Okawaru
 14774 | Lair:1   | Reached skill level 5 in Dodging
 15239 | Lair:2   | Noticed Urug
 15532 | Lair:1   | HP: 5/119 [yak (9)]
 15906 | Lair:2   | Killed Urug
 15948 | Lair:2   | Reached XP level 13. HP: 114/127 MP: 9/12
 15955 | Lair:2   | Reached ***** piety under Okawaru
 16074 | Lair:2   | Reached skill level 5 in Armour
 16119 | Lair:2   | Found a hide-covered altar of Uskayaw.
 16319 | Lair:2   | Noticed Nergalle
 16328 | Lair:2   | Killed Nergalle
 16512 | Lair:2   | Received a gift from Okawaru
 16563 | Lair:3   | Slain by a swamp worm

Illustrated notes

Levels and vault maps discovered:
D:1:      dpeg_arrival_round_a, layout_rooms, serial_shops,
          nicolae_shop_waterfront, nicolae_shop_hallway_plus,
          nicolae_shop_behind_doors, shop, ebering_ecumenical_altar_abandoned
D:2:      layout_loops_ring, uniq_jessica
D:3:      corexii_shack_village, layout_basic
D:4:      layout_loops_cross, minivault_5, grunt_ministairs_1,
          minmay_misc_feat_more_columns
D:5:      layout_basic, mainiacjoe_overflow_chevrons, temple_doors_cd,
          nicolae_shop_overcharged_wands
D:6:      layout_loops_ring, serial_shops, shop, kennysheep_windowed_goal,
          uniq_crazy_yiuf_cottage, uniq_edmund
D:7:      layout_loops_ring, cheibrodos_ashenzari_chains
D:8:      layout_loops_ring, nicolae_overflow_quartered_altars,
          doesnt_xom_only_xom, lair_entry_dummy, nicolae_ossuary_entry_plus
D:9:      layout_basic, mainiacjoe_overflow_two_lobes, uniq_maurice
D:10:     layout_long_grid, enter_bailey_5
D:11:     layout_basic, uniq_lodul
D:12:     layout_rooms, david_orc_2, serial_shops, nicolae_shop_stone,
          uniq_azrael
Temple:   hellmonk_temple_forest_ring
Lair:1:   layout_misc_corridors, minmay_shattered_shrine, uniq_erica
Lair:2:   layout_regular_city, basic_altar, grunt_megastairs_3, uniq_nergalle,
          uniq_urug
Lair:3:   layout_regular_city, minmay_swamp_entry_worms,
          hellmonk_spider_entry_life_and_decay, pond, grunt_megastairs_5,
          infiniplex_staircase_pool_2

Skill      XL: |  1  2  3  4  5  6  7  8  9 10 11 12 13 |
---------------+----------------------------------------+-----
Throwing       | 1 2 3 4 5 6 7 8 9 10 11 | 11.4
Unarmed Combat | 3 4 6 7 8 9 10 11 | 11.4
Shields        | 3 5 6 7 8 |  8.8
Fighting       | 3 4 6 7 8 |  8.0
Armour         | 3 4 5 |  5.1
Dodging        | 4 5 |  5.8

Action                   |  1- 3 |  4- 6 |  7- 9 | 10-12 | 13-15 || total
-------------------------+-------+-------+-------+-------+-------++-------
Melee: Unarmed           |    76 |   111 |   114 |   384 |    43 ||   728
Throw: Stone             |    16 |    21 |    22 |    19 |       ||    78
       Large rock        |    20 |    24 |    28 |   119 |    16 ||   207
       Javelin           |       |       |    15 |     5 |       ||    20
       Boomerang         |       |       |   110 |    47 |       ||   157
       Dart              |       |       |     3 |   108 |       ||   111
       Throwing net      |       |       |       |     6 |       ||     6
Invok: Heroism           |       |       |       |    33 |     2 ||    35
       Finesse           |       |       |       |     5 |       ||     5
Evoke: Wand              |       |       |       |     1 |       ||     1
  Use: Scroll            |     7 |     2 |    11 |    10 |     1 ||    31
       Potion            |     1 |     1 |     1 |    24 |     1 ||    28
 Stab: Held in net/web   |       |       |       |     3 |       ||     3
Armor: Robe              |    34 |    30 |    19 |    67 |    10 ||   160
       Skin              |       |       |       |    51 |       ||    51
Dodge: Dodged            |    29 |    38 |    26 |   159 |    18 ||   270
Block: Kite shield       |    30 |    34 |    35 |   300 |    25 ||   424
